 Dungeon Crawl Stone Soup version bcrawl-1.27.1b (webtiles) character file.

Game seed: 11401620143858705721

195613 MisterOstroum the Ruffian (level 8, -7/65 (66) HPs)
             Began as a Centaur Transmuter on July 21, 2020.
             Was a Follower of Elyvilon.
             Mangled by a hippogriff (8 damage)
             ... on level 7 of the Dungeon.
             The game lasted 00:16:06 (6186 turns).

MisterOstroum the Ruffian (Centaur Transmuter)      Turns: 6186, Time: 00:16:06

HP:   -7/65 (66)    AC:  2    Str: 16    XL:     8   Next: 23%
MP:   11/11         EV: 19    Int: 18    God:    Elyvilon [*.....]
Gold: 588           SH:  0    Dex: 19    Spells: 1/11 levels left

rFire    . . .     SeeInvis .     - Fangs (venom) (13.7)
rCold    . . .     Gourm    .   (shield currently unavailable)
rNeg     + . .     Faith    .   (armour currently unavailable)
rPois    x         Spirit   .   (helmet currently unavailable)
rElec    .         Reflect  .   (cloak currently unavailable)
rCorr    .         Harm     .   (gloves currently unavailable)
MR       .....                  (no barding)
Stlth    ++........             C - amulet of magic regeneration
HPRegen  0.20/turn              u - +8 ring of dexterity
MPRegen  0.37/turn              w - ring "Ustree" {+Fly rN+ Int+4 Dex-4}

@: spider-form
A: tiny, herbivore
a: End Transformation, Lesser Healing, Divine Protection, Renounce Religion,
Evoke Flight


You were on level 7 of the Dungeon.
You worshipped Elyvilon.
Elyvilon was aware of your devotion.
You were near starving.
You were a venomous arachnid creature.
You visited 2 branches of the dungeon, and saw 8 of its levels.

You collected 588 gold pieces.

Inventory:

Hand Weapons
 b - a +0 hunting sling (melded)
 c - a +0 dagger
 J - a +1 rapier of venom
 N - a +0 shortbow
Missiles
 a - 1179 stones (quivered)
 g - 750 arrows
 i - 878 sling bullets
 F - 150 bolts
Armour
 n - a +0 pair of gloves (melded)
 o - a +0 helmet (melded)
 q - a +3 ring mail of fire resistance
 r - a +2 robe (melded)
 L - a cursed +0 cloak (melded)
Jewellery
 u - a +8 ring of dexterity (left front leg)
 w - the ring "Ustree" (right front leg) {+Fly rN+ Int+4 Dex-4}
   (You found it on level 4 of the Dungeon)

   [ring of flight]

   It affects your intelligence (+4).
   It affects your dexterity (-4).
   It protects you from negative energy.
   It lets you fly.
 z - a +6 ring of protection
 A - a +4 ring of evasion
 C - an amulet of magic regeneration (around neck)
 E - an uncursed ring of stealth
 I - an uncursed ring of see invisible
 O - a +4 ring of dexterity
Wands
 e - a wand of flame (19)
 j - a wand of random effects (11)
 p - a wand of paralysis (5)
Scrolls
 f - 4 scrolls of teleportation {@r3 !r}
 h - 2 scrolls of magic mapping
 l - 2 scrolls of enchant weapon {unknown}
 m - 2 scrolls of immolation {unknown}
 s - a scroll of identify {@r1}
 t - 2 scrolls of noise {unknown}
 v - 2 scrolls of fog {unknown}
 y - a scroll of amnesia {unknown}
 D - a scroll of enchant armour {unknown}
 G - a scroll of remove curse {unknown}
 K - a scroll of fear {unknown}
Potions
 d - 4 potions of lignification {@q6}
 k - 2 potions of brilliance
 x - 2 potions of cancellation
 B - a potion of invisibility
 H - a potion of resistance
 M - 2 potions of flight {unknown}


   Skills:
 + Level 4.0 Fighting
 - Level 1.3 Dodging
 * Level 6.0 Unarmed Combat
 - Level 2.0 Spellcasting
 * Level 5.2 Transmutations
 - Level 3.5 Poison Magic
 + Level 2.7 Evocations


You had one spell level left.
You knew the following spells:

 Your Spells              Type           Power        Failure   Level  Hunger
a - Beastly Appendage     Tmut           ###...       9%          1    None
b - Sticks to Snakes      Tmut           ###.....     11%         2    ##.....
c - Spider Form           Tmut/Pois      ###          22%         3    ####...
d - Ice Form              Ice/Tmut       ##......     73%         4    ######.

Your spell library contained the following spells:

 Spells                   Type           Power        Failure   Level  Hunger
 Magic Dart               Conj           #...         38%         1    None
 Searing Ray              Conj           #.......     47%         2    ##.....
 Iskenderun's Mystic Bla  Conj           #.......     69%         3    ####...
 Blade Hands              Tmut           ###.......   73%         5    #######
 Irradiate                Conj/Tmut      ##........   95%         5    #######
 Fulminant Prism          Conj/Hex       #.........   96%         4    ######.


Dungeon Overview and Level Annotations

Branches:
Dungeon (7/12)             Temple (1/1) D:5            Lair (0/6) D:7

Altars:
Dithmenos
Elyvilon
Kikubaaqudgha
Lugonu
Makhleb
Okawaru
Qazlal
Ru
Trog
Uskayaw
Vehumet
Xom
Yredelemnul
Zin
The Shining One

Shops:
D:4 (


Innate Abilities, Weirdness & Mutations

((You have hooves in place of feet.))
((Armour fits poorly on your strangely shaped body.))
You are a herbivore.
((You cover ground very quickly.))
((You have extremely tough skin. (AC +3)))


Message History

The worker ant is almost dead.
The worker ant bites you.
You see here a ring of dexterity.
Firing (i - inventory. (/) - cycle)
i - 881 sling bullets (quivered)
Press: ? - help, Shift-Dir - straight line, f/p - worker ant
Aim: a worker ant (almost dead)
You shoot a sling bullet.
The sling bullet barely misses the worker ant.
The worker ant closely misses you. The worker ant barely misses you.
Firing (i - inventory. (/) - cycle)
i - 880 sling bullets (quivered)
Press: ? - help, Shift-Dir - straight line, f/p - worker ant
Aim: a worker ant (almost dead)
You shoot a sling bullet.
The sling bullet closely misses the worker ant.
The worker ant misses you.
Firing (i - inventory. (/) - cycle)
i - 879 sling bullets (quivered)
Press: ? - help, Shift-Dir - straight line, f/p - worker ant
Aim: a worker ant (almost dead)
You shoot a sling bullet. The sling bullet hits the worker ant.
You kill the worker ant!
Your Fighting skill increases to level 4!
No target in view!
O - a ring of dexterity Put on which piece of jewellery? (? for menu, Esc to quit)
Okay, then.
Unknown command.
A hippogriff comes into view.
You have encountered a dangerous foe!
The hippogriff screeches!
Unknown command.
Put on which piece of jewellery? (? for menu, Esc to quit)
You're wearing all the rings you can.
Remove which one? (? for menu, Esc to cancel) < or
u - a +8 ring of dexterity; > or
A - a +4 ring of evasion You remove your +4 ring of evasion.
You feel clever.
You feel clumsy.
w - the ring "Ustree" (right hand) {+Fly rN+ Int+4 Dex-4} Put on which piece of jewellery? (? for menu, Esc to quit)
Okay, then.
Unknown command.
Casting: Spider Form (safe; 10% risk of failure)
Confirm with . or Enter, or press ? or * to list all spells.
You turn into a venomous arachnid creature.
Your +0 hunting sling melds into your body.
Your cursed +0 cloak melds into your body.
Your +0 helmet melds into your body.
Your +0 pair of gloves melds into your body.
Your +2 robe melds into your body.
Unknown command.
Unknown command.
You bite the hippogriff!
The hippogriff is poisoned.
The hippogriff is moderately wounded.
The hippogriff completely misses you. The hippogriff misses you. x2
You hit the bullfrog.
The bullfrog is poisoned.
The bullfrog is moderately wounded.
The hippogriff barely misses you.
The hippogriff pecks you but does no damage.
The hippogriff misses you. The bullfrog completely misses you.
The bullfrog misses you. The bullfrog closely misses you.
The bullfrog hits you!
You hit the bullfrog.
The bullfrog looks more poisoned.
The bullfrog is heavily wounded.
The bullfrog barely misses you. The hippogriff completely misses you.
The hippogriff pecks you. The hippogriff claws you.
The bullfrog completely misses you. The bullfrog hits you!
You kill the bullfrog!
Your Unarmed Combat skill increases to level 6!
You are near starving!
You barely miss the hippogriff.
The hippogriff is moderately wounded.
The hippogriff looks more healthy.
The hippogriff bites you!
The hippogriff pecks you but does no damage.
The hippogriff closely misses you.
There is an open door here.
A necrophage comes into view.
The hippogriff misses you. The hippogriff pecks you. The hippogriff misses you.
The necrophage closely misses you. The necrophage misses you.
The hippogriff bites you. The hippogriff completely misses you.
The hippogriff claws you.
You bite the hippogriff!
The hippogriff is poisoned.
The hippogriff is moderately wounded.
The necrophage misses you.
You hit the hippogriff.
The hippogriff is heavily wounded.
The hippogriff bites you. The hippogriff barely misses you. x2
The necrophage completely misses you.
Unknown command.
The hippogriff barely misses you. The hippogriff closely misses you.
The hippogriff claws you.
* * * LOW HITPOINT WARNING * * *
The necrophage hits you.
* * * LOW HITPOINT WARNING * * *
You feel your flesh rotting away! The hippogriff bites you!
* * * LOW HITPOINT WARNING * * *
The hippogriff pecks you!
You die...

#....##+####
#...........
#...........
#........... #########
#....##..... #^......#
#....######+###.......#
#....#.........n......#
.....#.........H......#
.....+......(...s.....#
#....#................#
#....#.........########
#....#.........#
#....#.........+
#....#....$....#
.....#.........#
#....#.........# #
...#.........


You could see a hippogriff and a necrophage.

Vanquished Creatures
  An ice beast (D:6)
  A sky beast (D:5)
  An ogre (D:3)
  A centaur (D:6)
  2 bullfrogs
  A scorpion (D:5)
  2 crimson imps (D:3)
  A quasit (D:6)
  2 bullfrog skeletons
  2 orc priests (D:3)
  A centaur skeleton (D:5)
  4 orc wizards
  Jessica (D:2)
  2 worker ants
  2 iguanas
  2 hound zombies (D:6)
  Robin (D:2)
  5 adders
  A worm (D:3)
  2 dart slugs
  4 leopard geckos
  13 orcs
  4 bats
  5 giant cockroaches
  19 goblins
  24 hobgoblins
  4 jackals (D:2)
  A quokka (D:3)
  5 ball pythons (D:2)
  2 gnoll zombies (D:6)
  11 kobolds
  7 rats
134 creatures vanquished.

Notes
Turn   | Place    | Note
-------+----------+-------------------------------------------
     0 | D:1      | MisterOstroum the Centaur Transmuter began the quest for
                  | the Orb.
     0 | D:1      | Reached XP level 1. HP: 16/16 MP: 3/3
   167 | D:1      | Reached XP level 2. HP: 23/23 MP: 3/5
   216 | D:1      | Learned a level 2 spell: Sticks to Snakes
   551 | D:1      | Reached XP level 3. HP: 17/29 MP: 6/6
   569 | D:1      | Learned a level 3 spell: Spider Form
   872 | D:2      | Noticed Jessica
   883 | D:2      | Killed Jessica
  1061 | D:2      | Noticed Robin
  1115 | D:2      | Reached skill level 1 in Poison Magic
  1115 | D:2      | Reached XP level 4. HP: 36/36 MP: 7/7
  1337 | D:2      | Killed Robin
  1781 | D:2      | Reached skill level 4 in Unarmed Combat
  2147 | D:2      | Reached XP level 5. HP: 41/41 MP: 6/8
  2667 | D:3      | Noticed an ogre
  2764 | D:3      | Killed an ogre
  2820 | D:3      | Reached XP level 6. HP: 47/50 MP: 9/9
  3121 | D:3      | Found a sacrificial altar of Ru.
  3174 | D:3      | Found a shimmering altar of Xom.
  3289 | D:3      | Reached skill level 1 in Evocations
  3889 | D:4      | Got a scorched lapis lazuli ring
  3890 | D:4      | Identified the ring "Ustree" {+Fly rN+ Int+4 Dex-4} (You
                  | found it on level 4 of the Dungeon)
  3900 | D:4      | Found Aggio's Antique Weapon Shoppe.
  4315 | D:4      | Reached XP level 7. HP: 46/57 MP: 7/10
  4425 | D:5      | Entered Level 5 of the Dungeon
  4591 | D:5      | Reached skill level 5 in Unarmed Combat
  4666 | D:5      | Found a staircase to the Ecumenical Temple.
  4672 | Temple   | Entered the Ecumenical Temple
  4726 | Temple   | Became a worshipper of Elyvilon the Healer
  5151 | D:6      | Learned a level 4 spell: Ice Form
  5477 | D:6      | Reached * piety under Elyvilon
  5614 | D:6      | Reached XP level 8. HP: 65/66 MP: 8/11
  5836 | D:6      | Found a basalt altar of Yredelemnul.
  6010 | D:6      | Reached skill level 5 in Transmutations
  6049 | D:7      | Found a staircase to the Lair.
  6121 | D:7      | Noticed a hippogriff
  6141 | D:7      | Reached skill level 6 in Unarmed Combat
  6186 | D:7      | HP: 1/65 [hippogriff (11)]
  6186 | D:7      | Mangled by a hippogriff

Skill      XL: |  1  2  3  4  5  6  7  8 |
---------------+-------------------------+-----
Transmutations | 2 3 4 5 |  5.2
Fighting       | 2 3 4 |  4.0
Poison Magic   | 1 2 3 |  3.5
Unarmed Combat | 4 5 6 |  6.0
Evocations     | 1 2 |  2.7
Dodging        | |  1.3
Spellcasting   | |  2.0

Action                   |  1- 3 |  4- 6 |  7- 9 || total
-------------------------+-------+-------+-------++-------
Melee: Unarmed           |    36 |    67 |    71 ||   174
       Kick              |    18 |    26 |    14 ||    58
       Headbutt          |     5 |     5 |       ||    10
       Dagger            |    73 |    98 |     1 ||   172
       Punch             |     1 |     5 |     3 ||     9
 Fire: Hunting sling     |    12 |   192 |    82 ||   286
Throw: Stone             |     2 |     2 |    14 ||    18
 Cast: Beastly Appendage |     8 |     7 |       ||    15
       Sticks to Snakes  |     1 |       |       ||     1
       Spider Form       |       |     4 |     3 ||     7
 Abil: End Transformatio |       |     2 |       ||     2
  Use: Scroll            |     1 |       |     5 ||     6
  Eat: Ration            |     1 |     5 |     2 ||     8
Armor: Robe              |    37 |    56 |    11 ||   104
       Skin              |       |     4 |     2 ||     6
Dodge: Dodged            |    47 |    99 |    75 ||   221
